AoeStats
← Overlord

Arabia

505643376Analyzed
1v1 RM · 23d ago on Sep 10, 2026· 27m 14s· 2 players
Game mode
Random Map
Map size
Tiny (2 player)
Population
200
Speed
Normal
Resources
Standard
Victory
Conquest
Starting age
Dark Age
Ending age
Imperial Age
RankedLock teamsTeams togetherTeam positionsShared explorationLock speedFull tech treeHidden civsTurbo modeCheats
Victory
Defeat
🇦🇺 Koreans · Australia
754
+15
🇦🇺 Mongols · Australia
731
-15
Overlord
8:09 Loom
10:40 Feudal Age
11:13 Double-Bit Axe
16:10 Gold Mining
22:33 Castle Age
22:26 Forging
22:10 Horse Collar
25:49 Wheelbarrow
25:45 Bow Saw
26:15 Stone Mining
zenNation
1:46 Loom
13:11 Feudal Age
13:49 Horse Collar
14:41 Double-Bit Axe
17:22 Gold Mining
22:20 Castle Age
23:06 Forging
23:33 Town Watch
25:55 Wheelbarrow
26:02 Gambesons
26:57 Iron Casting
27:18 Squires
Connection lost

Rejoining the realm…

Still unreachable

The connection could not be restored.

Session expired

The server has moved on; the page needs a fresh start.